AoeStats
← Afterchabon

Arena

509685721Analyzed
4v4 RM · 6d ago on Sep 27, 2026· 49m 4s· 8 players
Game mode
Random Map
Map size
Large (8 player)
Population
200
Speed
Normal
Resources
Standard
Victory
Conquest
Starting age
Dark Age
Ending age
Imperial Age
RankedLock teamsTeams togetherTeam positionsShared explorationLock speedFull tech treeHidden civsTurbo modeCheats
Victory
Defeat
🇧🇷 Huns · Brazil
1026
+13
🇦🇷 Hindustanis · Argentina
938
+17
🇮🇳 Wei · India
925
+17
🇧🇷 Khmer · Brazil
812
+22
🇦🇷 Khmer · Argentina
1016
-20
🇦🇷 Malay · Argentina
971
-18
🇦🇷 Bohemians · Argentina
970
-18
🇲🇽 Mongols · Mexico
850
-13
kailashsaravanaraj
11:20 Feudal Age
12:10 Double-Bit Axe
15:16 Castle Age
16:00 Horse Collar
26:52 Bow Saw
26:46 Heavy Plow
26:49 Gold Mining
26:49 Stone Mining
28:34 Forging
30:44 Iron Casting
31:00 Sanctity
30:51 Fervor
32:11 Wheelbarrow
31:22 Loom
31:23 Town Watch
31:46 Scale Mail Armor
31:39 Fletching
33:39 Tuntian
34:05 Bodkin Arrow
35:21 Hand Cart
37:37 Imperial Age
35:31 Town Patrol
37:26 Ballistics
38:22 Scale Barding Armor
38:55 Conscription
37:55 Elite Tiger Cavalry
40:23 Block Printing
40:37 Illumination
40:30 Heavy Hei Guang Cavalry
41:10 Husbandry
41:21 Bloodlines
42:02 Chain Barding Armor
42:45 Blast Furnace
44:00 Theocracy
45:46 Bracer
47:40 Ming Guang Armor
M1rc0ss_
3:03 Loom
13:51 Feudal Age
18:43 Castle Age
17:38 Horse Collar
17:48 Double-Bit Axe
17:56 Gold Mining
17:58 Stone Mining
20:02 Bow Saw
19:56 Heavy Plow
21:13 Loom
26:22 Wheelbarrow
30:45 Imperial Age
28:50 Marauders
29:21 Hand Cart
29:43 Forging
30:44 Gold Shaft Mining
31:26 Iron Casting
30:57 Scale Barding Armor
31:15 Husbandry
31:26 Bloodlines
31:39 Elite Tarkan
33:35 Blast Furnace
35:02 Two-Man Saw
36:31 Chain Barding Armor
SimbaSKYwalker
0:28 Loom
10:02 Feudal Age
20:23 Castle Age
30:35 Imperial Age
31:14 Wheelbarrow
30:27 Town Watch
31:26 Man-at-Arms
34:44 Hand Cart
35:13 Ballistics
34:49 Murder Holes
34:54 Horse Collar
35:45 Squires
35:33 Arson
37:25 Conscription
36:30 Long Swordsman
37:25 Forging
37:15 Scale Mail Armor
37:26 Forging
37:47 Scale Mail Armor
37:52 Scale Barding Armor
38:15 Gold Mining
38:29 Heavy Plow
38:16 Double-Bit Axe
40:47 Chemistry
39:58 Fortified Wall
41:07 Iron Casting
40:47 Chain Mail Armor
41:07 Iron Casting
40:48 Chain Mail Armor
40:53 Chain Barding Armor
40:48 Chain Mail Armor
40:23 Fletching
40:33 Padded Archer Armor
40:23 Fletching
40:34 Padded Archer Armor
43:12 Thumb Ring
42:28 Elite Skirmisher
44:10 Chain Mail Armor
44:31 Iron Casting
43:48 Fletching
43:59 Padded Archer Armor
46:51 Bodkin Arrow
47:11 Leather Archer Armor
46:51 Bodkin Arrow
47:11 Leather Archer Armor
46:51 Bodkin Arrow
47:11 Leather Archer Armor
46:51 Bodkin Arrow
47:11 Leather Archer Armor
48:05 Blast Furnace
MylordSoares
12:38 Feudal Age
14:15 Double-Bit Axe
14:13 Horse Collar
19:43 Castle Age
20:29 Bloodlines
21:48 Heavy Plow
35:41 Imperial Age
37:37 Chemistry
37:45 Heavy Scorpion
Pornelius Hubert
10:49 Feudal Age
10:31 Double-Bit Axe
11:28 Horse Collar
19:15 Castle Age
17:19 Man-at-Arms
19:46 Bow Saw
19:09 Long Swordsman
22:28 Loom
24:32 Wheelbarrow
25:51 Pikeman
30:52 Imperial Age
28:47 Gold Mining
29:15 Heavy Plow
29:52 Squires
30:34 Hand Cart
31:23 Conscription
32:43 Forced Levy
32:58 Forging
32:45 Stone Mining
33:31 Gold Shaft Mining
32:46 Two-Handed Swordsman
36:01 Crop Rotation
35:58 Halberdier
37:58 Stone Shaft Mining
40:16 Arson
42:12 Iron Casting
48:15 Blast Furnace
47:00 Elite Karambit Warrior
totielrey9843
13:13 Feudal Age
14:06 Horse Collar
14:13 Double-Bit Axe
19:51 Castle Age
21:05 Heavy Plow
21:17 Bow Saw
24:20 Wheelbarrow
25:46 Hand Cart
33:46 Imperial Age
38:11 Nomads
38:32 Drill
37:34 Elite Mangudai
39:41 Gold Mining
39:41 Stone Mining
42:23 Chemistry
41:44 Ballistics
41:31 Siphons
41:35 Padded Archer Armor
41:26 Fletching
41:38 Scale Mail Armor
41:47 Scale Barding Armor
41:54 Forging
41:32 Pikeman
42:13 Squires
44:23 Gold Shaft Mining
44:23 Stone Shaft Mining
47:47 Leather Archer Armor
47:28 Bodkin Arrow
47:48 Chain Mail Armor
47:54 Chain Barding Armor
Afterchabon
5:21 Loom
10:13 Feudal Age
14:43 Castle Age
16:44 Double-Bit Axe
22:31 Husbandry
28:32 Bow Saw
28:04 Horse Collar
33:32 Wheelbarrow
34:22 Heavy Plow
38:06 Imperial Age
37:23 Hand Cart
39:03 Double Crossbow
38:26 Heavy Scorpion
39:22 Capped Ram
49:28 Crop Rotation
48:48 Town Watch
Boxitracio
9:05 Feudal Age
9:32 Loom
12:18 Wheelbarrow
15:00 Double-Bit Axe
21:25 Castle Age
22:45 Horse Collar
23:17 Bow Saw
23:50 Fervor
26:11 Chemistry
26:13 Hand Cart
26:40 Padded Archer Armor
29:17 Town Watch
36:50 Imperial Age
34:29 Heavy Plow
36:24 Leather Archer Armor
35:45 Pikeman
37:16 Scale Mail Armor
38:03 Forging
Connection lost

Rejoining the realm…

Still unreachable

The connection could not be restored.

Session expired

The server has moved on; the page needs a fresh start.